 Seeded DCSS version 0.31-a0-1549-g5ff9445e89 (webtiles) character file.

Game seed: 14315085070250174884 (custom seed)

26 innerfire43 the Grave Robber (level 2, 0/21 HPs)
             Began as a Demonspawn Wanderer on Jan 2, 2024.
             Slain by Terence
             ... wielding a +0 mace
              (5 damage)
             ... on level 2 of the Dungeon.
             The game lasted 00:01:42 (925 turns).

innerfire43 the Grave Robber (Demonspawn Wanderer)   Turns: 925, Time: 00:01:42

Health: 0/21       AC:  4    Str: 12    XL:     2   Next: 89%
Magic:  0/4        EV: 11    Int: 11    God:
Gold:   84         SH:  0    Dex: 13    Spells: 3/4 levels left

rFire   . . .        a - +0 dagger
rCold   . . .        (no shield)
rNeg    . . .        d - +0 leather armour
rPois   .            b - +0 helmet
rElec   .            (no cloak)
rCorr   .            (no gloves)
SInv    .            (no boots)
Will    .....        (no amulet)
Stlth   +            (no ring)
HPRegen 0.23/turn    (no ring)
MPRegen 0.09/turn

%: no passive effects
@: no status effects
A: demonic guardian 1
a: no special abilities


You were on level 2 of the Dungeon.
You visited 1 branch of the dungeon, and saw 2 of its levels.

You collected 84 gold pieces.

Inventory:

Hand Weapons
 a - a +0 dagger (weapon)
Armour
 b - a +0 helmet (worn)
 d - a +0 leather armour (worn)
Jewellery
 h - an amulet of magic regeneration
Scrolls
 f - 2 scrolls of enchant armour {unknown}
 j - 2 scrolls of identify {unknown}
 m - a scroll of amnesia {unknown}
 n - a scroll of teleportation {unknown}
Potions
 c - a potion of haste
 e - 2 potions of lignification
 g - 2 potions of curing {unknown}
 i - 2 potions of heal wounds {unknown}
 k - 2 potions of attraction {unknown}
 l - a potion of mutation {unknown}


   Skills:
 + Level 1.4 Fighting
 - Level 1.0 Throwing
 + Level 1.3 Dodging
 - Level 1.7 Unarmed Combat
 * Level 1.7 Spellcasting
 + Level 3.4 Necromancy
 + Level 2.0 Invocations


You had 3 spell levels left.
You knew the following spells:

 Your Spells              Type           Power      Damage    Failure   Level
a - Necrotise             Necr           32%        1d5       9%          1

Your spell library contained the following spells:

 Spells                   Type           Power      Damage    Failure   Level
 Cigotuvi's Dreadful Rot  Necr/Alch/Air  6%         N/A       34%         2
 Mephitic Cloud           Conj/Alch/Air  0%         N/A       75%         3
 Animate Dead             Necr           8%         N/A       65%         4
 Summon Forest            Summ/Tloc      0%         N/A       100%        5
 Monstrous Menagerie      Summ           0%         N/A       100%        7


Dungeon Overview and Level Annotations

Branches:
Dungeon (2/15)

Altars:

Annotations:
D:2 Terence


Innate Abilities, Weirdness & Mutations

A weak demonic guardian rushes to your aid.


Message History

Press: ? - help, Q - select action Shift-Dir - straight line, f - Terence
Aim: Terence, wielding a +0 mace and wearing a +0 chain mail (lightly wounded, chance to affect: 67%) Terence writhes in agony.
Terence hits you with a +0 mace.
* * * LOW HITPOINT WARNING * * *
A demonic guardian appears!
Unknown command.
You hit Terence but do no damage.
Terence is moderately wounded.
Terence closely misses you.
Your white imp gestures at Terence.
The puff of frost hits Terence.
You hit Terence but do no damage.
Terence is heavily wounded.
Terence misses you.
You barely miss Terence.
Terence is heavily wounded.
Terence hits you with a +0 mace.
* * * LOW HITPOINT WARNING * * *
Your white imp gestures at Terence.
The puff of frost hits Terence.
Aiming: Necrotise (safe; 9% risk of failure)
Press: ? - help, Q - select action Shift-Dir - straight line, f/p - Terence
Aim: Terence, wielding a +0 mace and wearing a +0 chain mail (severely wounded, not watching you, ally target, chance to affect: 67%) Terence writhes in agony.
Terence looks scornfully at you. Terence barely misses you.
Your white imp hits Terence but does no damage.
Aiming: Necrotise (safe; 9% risk of failure)
Press: ? - help, Q - select action Shift-Dir - straight line, f/p - Terence
Aim: Terence, wielding a +0 mace and wearing a +0 chain mail (severely wounded, not watching you, ally target, chance to affect: 67%) Terence writhes in agony.
Terence barely misses you.
Your white imp barely misses Terence.
Aiming: Necrotise (safe; 9% risk of failure)
Press: ? - help, Q - select action Shift-Dir - straight line, f/p - Terence
Aim: Terence, wielding a +0 mace and wearing a +0 chain mail (severely wounded, ally target, chance to affect: 67%) Terence struggles to resist.
Terence hits you with a +0 mace.
You die...
Terence says, "That felt goooood."

.# ######.#
#......
#####.....#
#.........####
.........$.
#.5@..# #
#@..# #.#...#
..###.#...#
..........#
.######.###
#.# #.####
#....# ####.#


You could see Terence (ally target) and a friendly white imp (summoned).

Vanquished Creatures
  A ball python (D:1)
  3 endoplasms
  A hobgoblin (D:1)
  3 quokkas (D:1)
  A bat (D:1)
  3 frilled lizards (D:1)
  2 kobolds (D:1)
  3 rats (D:1)
17 creatures vanquished.

Vanquished Creatures (collateral kills)
  An adder (D:2)
1 creature vanquished.

Grand Total: 18 creatures vanquished

Notes
Turn   | Place    | Note
-------+----------+-------------------------------------------
     0 | D:1      | innerfire43 the Demonspawn Wanderer began the quest for the
                  | Orb.
     0 | D:1      | innerfire43 set off with the following items: a +0 dagger,
                  | a +0 helmet, a potion of haste, a +0 leather armour, a
                  | potion of lignification; and the following spell memorised:
                  | Necrotise; and the following spells available to memorise:
                  | Cigotuvi's Dreadful Rot, Animate Dead.
     0 | D:1      | Reached XP level 1. HP: 15/15 MP: 2/2
   134 | D:1      | You fall into a shaft and drop 1 floor!
   216 | D:1      | Got the Cyclopedia of Amassed Chrysopoeia
   267 | D:1      | Gained mutation: A weak demonic guardian rushes to your
                  | aid. [demonic ancestry]
   267 | D:1      | Reached XP level 2. HP: 21/21 MP: 0/3
   908 | D:2      | Noticed Terence
   925 | D:2      | Slain by Terence

Illustrated notes

Levels and vault maps discovered:
D:1:      elethiomel_arrival_quiet, layout_rooms
D:2:      layout_loops_corners, hellmonk_ecumenical_altar_heavens_door,
          basic_altar, serial_shops, nicolae_shop_crystal, minmay_misc_feat_chi,
          uniq_terence

Skill      XL: |  1  2 |
---------------+-------+-----
Invocations    | 2 |  2.0
Fighting       | |  1.4
Throwing       | |  1.0
Dodging        | |  1.3
Unarmed Combat | |  1.7
Spellcasting   | |  1.7
Necromancy     | |  3.4

Action                     || total
---------------------------++-------
  Melee: Dagger            ||    87
         Punch             ||     1
   Cast: Necrotise         ||    19
   Stab: Sleeping          ||     1
 Armour: Leather armour    ||    43
  Dodge: Dodged            ||    70

Table legend: (Time is in decaauts)
 A = Elapsed time spent in this place.
 B = Non-inter-level travel time spent in this place.
 C = Inter-level travel time spent in this place.
 D = Time resting spent in this place.
 E = Time spent auto-exploring this place.
 F = Levels seen in this place.
 G = Mean time per level.
                   A        B        C        D        E       F      G
               +--------+--------+--------+--------+--------+-----+--------+
         Total |    924 |    882 |     42 |      0 |    673 |   2 |  462.0 |
       Dungeon |    924 |    882 |     42 |      0 |    673 |   2 |  462.0 |
               +--------+--------+--------+--------+--------+-----+--------+

Top non-repeatable levels by time:
     D:1: 695 daAuts
     D:2: 229 daAuts
